 Dungeon Sprint DCSS version 0.19.0-11-g3fc08b3 (webtiles) character file.

12 equalderp2856 the Scratcher (level 3, -8/18 HPs)
             Began as a Felid Fighter on Nov 9, 2016.
             Mangled by a porcupine (15 damage)
             ... in the Dungeon (Sprint VI: "Thunderdome").
             The game lasted 00:01:41 (261 turns).

equalderp2856 the Scratcher (Felid Fighter)          Turns: 261, Time: 00:01:42

Health: -8/18      AC:  1    Str: 13    XL:     3   Next: 80%
Magic:  4/4        EV: 21    Int:  9    God:
Gold:   220        SH:  0    Dex: 15    Spells: 0 memorised, 2 levels left
                                        Lives:  0   Deaths: 0

rFire  . . .     SeeInvis +       - Unarmed
rCold  . . .     Gourm    .     (armour unavailable)
rNeg   . . .     Faith    .     (shield unavailable)
rPois  .         Spirit   .     (helmet unavailable)
rElec  .         Reflect  .     (cloak unavailable)
rCorr  .         Harm     .     (gloves unavailable)
MR     .....     NoTele   +     (boots unavailable)
Stlth  ++........               (no amulet)
                                (no ring)
                                (no ring)

@: quick
A: no armour, no weapons or thrown items, stealth, claws 1, fangs 3, see
invisible, carnivore 3, speed 1, shaggy fur 1, slow metabolism 1, sharp paws
a: no special abilities


You were in the Dungeon.
You were not hungry.

You visited 1 branch You collected 220 gold pieces.

Inventory:

Wands
 j - a wand of acid (5/15)
 k - a wand of iceblast (5/15)
Scrolls
 h - 4 scrolls of blinking
 l - 3 scrolls of fog
Potions
 a - a potion of might
 c - a potion of curing
 d - 4 potions of heal wounds
 e - 4 potions of haste
 f - 2 potions of magic
 g - a potion of berserk rage
 i - a potion of resistance
Comestibles
 b - a meat ration


   Skills:
 + Level 4.4 Fighting
 + Level 5.8 Dodging
 + Level 7.1 Unarmed Combat


You had 2 spell levels left.
You didn't know any spells.

Dungeon Overview and Level Annotations

Branches:
Dungeon (1/1)

Altars:
Cheibriados
Dithmenos
Fedhas
Gozag
Kikubaaqudgha
Makhleb
Okawaru
Qazlal
Ru
Sif Muna
Trog
Uskayaw
Vehumet
Xom
Yredelemnul
Zin
The Shining One
Beogh
Jiyva
Lugonu

Shops:
D *[%??*?*:[((!!!!


Innate Abilities, Weirdness & Mutations

You cannot wear armour.
You are incapable of wielding weapons or throwing items.
Your paws allow you to move quietly. (Stealth)
You have sharp claws.
You have razor-sharp teeth.
You have supernaturally acute eyesight. (SInv)
You are carnivorous and can eat meat at any time.
You cover ground quickly.
You are covered in fur. (AC +1)
You have a slow metabolism.
Your sharp claws are effective at attacking unaware monsters.


Message History

You claw the worker ant!
You kill the worker ant!
Victory!
Score multiplier: 2x You now have 12 arena points (gained 12).
Your Unarmed Combat skill increases to level 7!
You now have 220 gold pieces (gained 20).
Okay, then.
You start resting.
Get ready!
ROUND 2!
FIGHT!
LIGHTNING ROUND!
You sense a tension in the south.
A porcupine comes into view.
A hell rat comes into view. 50...
You scratch the porcupine. Your bite misses the porcupine.
The porcupine is moderately wounded.
The porcupine bites you!
Ouch! That really hurt!
You die...

##∩.....∩## #∩.......∩#
#_........# #_......._#
#_......._# ###.........###
#⌠...........⌠#
######.8....r@...8.######
##∩___......###.†....___∩#
###∩........8.# #.8........∩
#.............###...........
⌠..........###...###........
⌠..........# #.<.# #........
⌠..........###...###........
#......)......###r..........
###∩........8.# #.8........∩


You could see a porcupine.

Vanquished Creatures
  Jessica (D)
  A worker ant (D)
  An adder (D)
  A bat skeleton (D)
  A goblin (D)
5 creatures vanquished.

Notes
Turn   | Place    | Note
-------+----------+-------------------------------------------
     0 | D        | equalderp2856 the Felid Fighter began the quest for the Orb.
     0 | D        | Reached XP level 1. HP: 10/10 MP: 2/2
     4 | D        | Found a shimmering altar of Xom.
     5 | D        | Found a deep blue altar of Sif Muna.
     5 | D        | Found an opulent altar of Gozag.
     6 | D        | Found a shadowy altar of Dithmenos.
     6 | D        | Found a glowing golden altar of the Shining One.
     7 | D        | Found Zaoker's Identification Station.
     7 | D        | Found a blossoming altar of Fedhas.
     7 | D        | Found an iron altar of Okawaru.
     7 | D        | Found Ibauhof's Bee Food.
     7 | D        | Round 1.
     8 | D        | Found Odaebri's Advanced Armour.
     8 | D        | Found Ysugug's Jewellery.
    16 | D        | Found a hide-covered altar of Uskayaw.
    19 | D        | Found a bloodstained altar of Trog.
    22 | D        | Found an ancient bone altar of Kikubaaqudgha.
    23 | D        | Found Zamnue's Magic Scroll Shop.
    24 | D        | Found a corrupted altar of Lugonu.
    24 | D        | Found a radiant altar of Vehumet.
    24 | D        | Found Waotuof's Staff Store.
    26 | D        | Found Pontamue's Magic Scroll Shop.
    26 | D        | Found Myghom's Must-Have Magic.
    29 | D        | Found a basalt altar of Yredelemnul.
    30 | D        | Found a glowing silver altar of Zin.
    31 | D        | Found a burning altar of Makhleb.
    33 | D        | Found Zojumm's Distillery.
    34 | D        | Found Rumeawosh's Distillery.
    34 | D        | Found Gawkidec's Bottled Wisdom.
    35 | D        | Found a stormy altar of Qazlal.
    35 | D        | Found a sacrificial altar of Ru.
    35 | D        | Found Huasuur's Do-It-Yourself Clinic.
    39 | D        | Found a roughly hewn altar of Beogh.
    44 | D        | Found a viscous altar of Jiyva.
    44 | D        | Found a snail-covered altar of Cheibriados.
    45 | D        | Found Oreaqin's Weapon Rack.
    45 | D        | Found Keschy's Premium Goods.
    46 | D        | Found Qiakal's Basic Armour.
    46 | D        | Found Aleigi's Miscellaneous Merchandise.
    97 | D        | Noticed Jessica
   107 | D        | Killed Jessica
   107 | D        | Reached skill level 5 in Dodging
   107 | D        | Reached skill level 6 in Unarmed Combat
   107 | D        | Reached XP level 2. HP: 11/15 MP: 3/3
   139 | D        | Reached XP level 3. HP: 12/18 MP: 4/4
   185 | D        | Arena points: 12 (+12) [x2]
   185 | D        | Reached skill level 7 in Unarmed Combat
   246 | D        | Round 2.
   247 | D        | Noticed a porcupine
   261 | D        | Mangled by a porcupine

Skill      XL: |  1  2  3 |
---------------+----------+-----
Fighting       | 4 |  4.4
Dodging        | 5 |  5.8
Unarmed Combat | 6 7 |  7.1

Action                   || total
-------------------------++-------
Melee: Unarmed           ||    15
       Punch             ||     1
       Bite              ||     1
Armor: Skin              ||     1
Dodge: Dodged            ||     7
